[Event "1st Serbian League 2022"]
[Site "Vrnjacka Banja"]
[Date "2022.09.27"]
[Round "8.9"]
[White "Popovic, Dusan"]
[Black "Sarenac, Ivan"]
[Result "1-0"]
[ECO "C78"]
[WhiteElo "2486"]
[BlackElo "2402"]
[Annotator "TA"]
[PlyCount "71"]
[EventDate "2022.09.20"]
[EventType "team-tourn"]
[EventCountry "SRB"]
[SourceTitle "playchess.com"]
[Source "ChessBase"]
[SourceQuality "1"]
[TimeControl "40/5400+30:1800+30"]

1. e4 e5 2. Nf3 Nc6 3. Bb5 a6 4. Ba4 Nf6 5. O-O Bc5 6. c3 O-O 7. d4 Ba7 8. Bg5 {[%emt 0:01:00] C78: Ruy Lopez: Archangelsk and Möller Defences.} h6 9. Bh4 exd4 10. Re1 {[%emt 0:02:44] Hoping for e5. White is slightly better.} d6 11. Bxc6 bxc6 (11... dxc3 $11 12. Nxc3 (12. Bxf6 Qxf6 13. Nxc3 bxc6 $17) 12... bxc6) 12. Nxd4 $14 Bd7 13. Nd2 Re8 14. f4 c5 15. N4f3 {[%emt 0:03:29] [#]} Bc6 $146 ({Predecessor:} 15... c4+ 16. Kh1 Ng4 17. Re2 Qc8 18. Nxc4 Bb5 19. b3 f5 20. Nd4 fxe4 21. h3 e3 {½-½ (34) Chesakov,L (2373)-Wuerschner,M (2431) ICCF email 2017}) 16. Kh1 Qe7 17. Qc2 {[%emt 0:16:10] Black must now prevent e5.} Qe6 18. f5 $1 Qe7 19. e5 $1 dxe5 20. Nxe5 Bd5 21. Ng4 {[%emt 0:12:27] Pair of Knights!} Qd6 22. Bxf6 (22. Nxf6+ $16 gxf6 23. c4) 22... gxf6 23. Ne4 ({Inferior is} 23. Nxh6+ Kg7 24. c4 Bc6 $19) 23... Bxe4 24. Rxe4 h5 25. Rae1 (25. Nf2 $5 ) 25... Kf8 ({Better is} 25... Rxe4 $14 26. Qxe4 Rd8) 26. Qe2 (26. Nf2 $1 $16 {Strongly threatening Qc1.} Qf4 27. Rxe8+ (27. Rxf4 $2 Rxe1#) 27... Rxe8 28. Rxe8+ Kxe8 29. Qe4+ Qxe4 30. Nxe4) 26... Rxe4 $11 27. Qxe4 Rb8 {[%emt 0:02:28] [#]} (27... Rd8 $11 28. Ne3 Qd3 29. Qxd3 Rxd3) 28. Ne3 $1 $36 {[%emt 0:00:29][%mdl 2048] White is on the roll.} Qd7 $2 (28... c4 $16) 29. Nd5 Qd6 {[%emt 0:00:28] [#]} 30. Ne3 {[%emt 0:00:50] White is much more active.} (30. Qh4 $1 $16 Re8 31. Rxe8+ Kxe8 32. c4 (32. Nxf6+ Kf8 $16)) 30... Qd7 $1 $18 31. Qf3 Rxb2 $2 (31... Kg7 32. Qxh5 Rh8 33. Qg4+ Kf8) 32. Qxh5 {[%emt 0:00:29] White threatens Ng4 and mate. White is clearly winning.} ({Not} 32. Nc4 Rb8 $16) 32... Kg7 33. Qg4+ Kf8 34. Qh4 {[%emt 0:00:14] Threatening mate with Ng4.} Qd2 {[%emt 0:00:57] [#]} 35. Rd1 $1 Rb1 (35... Qxd1+ 36. Nxd1) 36. Qh6+ {[%emt 0:00:18] Weighted Error Value: White=0.31/Black=0.29 (precise)} (36. Rxb1 $142 c4 37. Rd1 Bxe3 38. Rxd2 Bxd2 39. Qxf6) 1-0

[Event "1st Serbian League 2022"]
[Site "Vrnjacka Banja"]
[Date "2022.09.27"]
[Round "8.10"]
[White "Arsovic, Zoran"]
[Black "Boskovic, Drasko"]
[Result "1-0"]
[ECO "E94"]
[WhiteElo "2362"]
[BlackElo "2415"]
[Annotator "TA"]
[PlyCount "61"]
[EventDate "2022.09.20"]
[EventType "team-tourn"]
[EventCountry "SRB"]
[SourceTitle "playchess.com"]
[Source "ChessBase"]
[SourceQuality "1"]
[TimeControl "40/5400+30:1800+30"]

1. Nf3 Nf6 2. c4 g6 3. Nc3 Bg7 4. e4 d6 5. d4 O-O 6. Be2 Nbd7 7. O-O e5 8. Be3 Qe7 9. Qc2 c6 {[%emt 0:00:21] E94: King's Indian: Classical: 6 Be2 e5 7 0-0: Various Black 7th moves.} 10. h3 {[%emt 0:00:00] White is more active.} (10. d5 $14) 10... exd4 $11 11. Bxd4 Re8 {[%emt 0:01:30] The position is equal.} 12. Rfe1 b6 (12... Nxe4 $2 13. Bxg7 Kxg7 14. Nxe4 $18 (14. Bd3 f5 $18)) (12... c5 $5 13. Nd5 Nxd5 14. Bxg7 Nf4 $11) 13. Bf1 {[%emt 0:00:00] [#]} Bb7 $146 ({Predecessor:} 13... Ne5 14. Nd2 g5 15. Rad1 Nh5 16. Ne2 Qe6 17. Bc3 Qg6 18. Nd4 g4 19. Nf5 gxh3 {0-1 (32) Dudin,G (2474)-Demchenko,A (2654) Warsaw 2021}) 14. a3 Ne5 15. Nxe5 dxe5 16. Be3 Nh5 17. g3 Bf6 18. c5 Bg5 (18... b5 $11) 19. Bxg5 $16 Qxg5 20. cxb6 axb6 21. Na4 b5 22. Nc5 Bc8 23. Rad1 Be6 24. Qc3 Rad8 {[%emt 0:53:13] Against Rd6} 25. Rxd8 (25. b3 {with more complications.} Rd4 26. a4 Qd8 27. Rd3) 25... Qxd8 26. b3 ({Much weaker is} 26. Qxe5 $6 Bxh3 27. Qc3 Bxf1 28. Kxf1 Nf6 $11) 26... Qb8 (26... Nf6 $16 {was called for.}) 27. a4 $18 {[%emt 0:00:00] White is clearly better.} b4 (27... Qd6 $142 28. a5 (28. axb5 cxb5 29. b4 Bd7 $16) 28... Nf6) 28. Qe3 Bc8 29. Rd1 Qa7 30. Kg2 Ng7 {[%emt 0:00:50] [#]} 31. Nd7 $1 {[%emt 0:01:20][%mdl 512] Weighted Error Value: White=0.09 (flawless) /Black=0.18 (very precise)} 1-0

[Event "1st Serbian League 2022"]
[Site "Vrnjacka Banja"]
[Date "2022.09.27"]
[Round "8.11"]
[White "Zegarac, Vuk"]
[Black "Radusinovic, Lazar"]
[Result "1/2-1/2"]
[ECO "A47"]
[WhiteElo "2336"]
[BlackElo "2308"]
[Annotator "TA"]
[PlyCount "51"]
[EventDate "2022.09.20"]
[EventType "team-tourn"]
[EventCountry "SRB"]
[SourceTitle "playchess.com"]
[Source "ChessBase"]
[SourceQuality "1"]
[TimeControl "40/5400+30:1800+30"]

1. d4 Nf6 2. Nf3 e6 3. Bf4 b6 4. e3 Nh5 5. Bg5 Be7 6. Ne5 {[%emt 0:05:35] [#] Hoping for Qf3. A47: 1 d4 Nf6 2 Nf3 b6: Torre, London and Colle Systems.} Nf6 $1 7. Qf3 {[%emt 0:02:52] Inhibits Bb7.} c6 8. Nd2 {[%emt 0:02:23] The position is equal.} Bb7 {[%emt 0:04:34] [#]} 9. Bxf6 $146 ({Predecessor:} 9. Bd3 d6 10. Ng4 Nd5 11. Bxe7 Qxe7 12. e4 Nb4 13. O-O h5 14. Ne3 Nxd3 15. cxd3 {0-1 (32) Hoang,T (2464)-Stankovic,M (2424) Hungary 2016}) 9... Bxf6 10. Ne4 {[%emt 0:03:46] [#] And now Nd6+ would win. Pair of Knights!} d5 11. Nxf6+ gxf6 12. Nd3 f5 13. Nf4 {[%emt 0:04:35] White is more active.} Qe7 14. a3 {[%emt 0:03:54] Inhibits Qb4+.} Nd7 15. Bd3 Nf6 16. Qe2 a5 17. a4 Rg8 18. c3 Rg4 19. Qc2 c5 20. Bb5+ Kf8 21. Be2 Rg8 22. O-O Qd6 23. Bf3 cxd4 24. cxd4 {[%emt 0:00:13] White is slightly better.} Ba6 25. Rfc1 Rc8 26. Qb3 {[%emt 0:04:20] Weighted Error Value: White=0.05 (flawless) /Black=0.04 (flawless)} 1/2-1/2

[Event "1st Serbian League 2022"]
[Site "Vrnjacka Banja"]
[Date "2022.09.27"]
[Round "8.12"]
[White "Todorovic, Goran N"]
[Black "Krstic, Petar"]
[Result "1/2-1/2"]
[ECO "A11"]
[WhiteElo "2305"]
[BlackElo "2290"]
[Annotator "TA"]
[PlyCount "73"]
[EventDate "2022.09.20"]
[EventType "team-tourn"]
[EventCountry "SRB"]
[SourceTitle "playchess.com"]
[Source "ChessBase"]
[SourceQuality "1"]
[TimeControl "40/5400+30:1800+30"]

1. Nf3 d5 2. c4 c6 3. g3 Nf6 4. Bg2 dxc4 5. Qc2 Qd5 6. Na3 {[%emt 0:05:32] A11: English Opening: 1...c6.} b5 7. b3 cxb3 8. axb3 {[%emt 0:00:11] The position is equal.} Bb7 9. Bb2 $1 e6 10. O-O {[%emt 0:02:02] [#]} Qd8 $146 ({Predecessor:} 10... a6 11. d4 Be7 12. Ne5 Qd6 13. Rfc1 O-O 14. e4 Rc8 15. Nxf7 Kxf7 16. e5 Qd8 17. exf6 Bxf6 18. Qxh7 Nd7 19. Qh5+ Kg8 20. Rc2 {½-½ (20) Gruner,P (2069)-Fierz,M (2331) Zuerich 2006}) 11. Ng5 {[%emt 0:13:51] [#] aiming for Nxb5.} a6 12. Ne4 Nbd7 13. Nxf6+ gxf6 14. Qe4 h5 15. h4 Bg7 16. Rac1 Rc8 17. d4 f5 18. Qb1 (18. Qd3 $11 {was preferrable.}) 18... Nf6 19. Nc2 a5 {[%emt 0:04:56] Against Nb4} 20. Ne1 {[%emt 0:00:45][%mdl 1024] White has compensation.} Nd5 (20... f4 $5 ) 21. Nd3 Qb6 (21... Bh6 $14) 22. Nc5 $16 b4 23. Qd3 Ra8 24. e4 fxe4 25. Qxe4 {[%emt 0:00:14][%cal Oc5e6] Threatens to win with Nxe6!} Rh6 (25... Qc7 $142) 26. Rfe1 Rd8 {[%emt 0:00:28] [#]} 27. Qf5 (27. Rc4 $1 $18) 27... Bc8 28. Qg5 Bf8 (28... Rg6 $16 29. Qxh5 Kf8) 29. Re2 Qa7 30. Bxd5 $2 (30. Rce1 $16) 30... cxd5 (30... Rxd5 $11 {keeps the balance.} 31. Re5 Qe7 32. Rxd5 cxd5) 31. Qg8 {[%emt 0:00:23] White is much more active. The black rooks are badly placed.} (31. Rce1 $16) 31... Rg6 32. Qh8 Rh6 33. Qg8 Rg6 34. Qh7 Rh6 35. Qg8 Rg6 36. Qh8 Rh6 37. Qg8 {[%emt 0:00:33] Weighted Error Value: White=0.27 (precise) /Black=0.21 (precise)} 1/2-1/2

[Event "1st Serbian League 2022"]
[Site "Vrnjacka Banja"]
[Date "2022.09.27"]
[Round "8.13"]
[White "Sarana, Alexey"]
[Black "Demchenko, Anton"]
[Result "1-0"]
[ECO "E94"]
[WhiteElo "2662"]
[BlackElo "2645"]
[Annotator "TA"]
[PlyCount "123"]
[EventDate "2022.09.20"]
[EventType "team-tourn"]
[EventCountry "SRB"]
[SourceTitle "playchess.com"]
[Source "ChessBase"]
[SourceQuality "1"]
[TimeControl "40/5400+30:1800+30"]

1. d4 Nf6 2. c4 g6 3. Nc3 Bg7 4. e4 d6 5. Be2 O-O 6. Be3 Na6 7. Nf3 e5 8. O-O (8. d5 Ng4 9. Bg5 f6 10. Bh4 Nh6 11. Nd2 Qe8 12. f3 Nf7 13. a3 c5 14. Nf1 f5 15. Ne3 Bh6 16. Qd3 Bxe3 17. Qxe3 f4 18. Qd2 Bd7 {1-0 (39) Sarana,A (2668)-Demchenko,A (2653) Chess.com INT 2022}) 8... Qe7 {[%emt 0:00:38][%cal Of6e4] Recently 8...c6 got a lot of attention.} 9. d5 {[%emt 0:08:13] E94: King's Indian: Classical: 6 Be2 e5 7 0-0: Various Black 7th moves.} Ng4 10. Bg5 f6 11. Bh4 {[%emt 0:01:18] White is slightly better.} Nh6 {[%emt 0:06:30] [#]} 12. Ne1 $146 ({Predecessor:} 12. Nd2 c5 13. g4 Nf7 14. a3 Bh6 15. Rb1 Bd7 16. b4 b6 17. Kg2 Nc7 18. Qc2 {0-1 (74) Vedmediuc,S (2475)-Bernadskiy,V (2580) Mamaia 2021}) 12... c5 13. Nc2 Bd7 14. Ne3 Nc7 15. h3 Rfb8 16. a3 a5 17. Qc2 Nf7 18. Nb5 Rc8 19. Nxc7 Rxc7 20. b4 b6 21. bxc5 bxc5 22. Rab1 h5 23. Rb6 Bh6 24. Rfb1 Ng5 25. Rb8+ Rc8 26. Rxa8 Rxa8 27. Rb7 {[%emt 0:00:12][%cal Oe2h5] Black must now prevent Bxh5!} Qd8 28. Qb1 Be8 (28... Nf7 $14) 29. Bd3 {[%emt 0:06:52] White is much more active.} a4 30. Bc2 Kf8 31. Rb6 (31. Nd1 $14) 31... Nf7 $11 32. Nd1 Bd2 {[%emt 0:02:13] ...g5 is the strong threat.} (32... g5 $5 33. Bg3 $8 h4 $11) 33. Rb7 Kg7 (33... g5 $5 34. Bg3 h4 $11) 34. f3 Bd7 35. Bd3 Bc8 36. Rb2 Qa5 37. Kf1 g5 ({Better is} 37... Bd7 $14) 38. Bf2 (38. Ke2 $16) 38... g4 ({Black should try} 38... h4 $14) 39. fxg4 $18 hxg4 40. h4 Bh6 41. g3 Bd7 42. Rb7 Ra7 43. Rb8 Ra8 44. Rb6 Re8 (44... Ra6 $16 45. Rb2 (45. Rb7 Ra7 $16) 45... Ra8) 45. Rb7 Bc8 46. Rb8 (46. Be1 $18 Qa8 47. Rc7) 46... Qc7 (46... Rf8 $16 47. Qb2 Ba6) 47. Nc3 Bd2 48. Nxa4 Ba5 (48... Qa7 {was called for.}) 49. Ra8 {[%emt 0:00:00] [#] Hoping for Qb5.} Bd7 {[%emt 0:00:13] Prevents Qb5.} 50. Rxe8 Bxe8 51. Qb3 f5 52. exf5 e4 53. Bxe4 Qe7 54. Bc2 Qf6 55. Nb2 Ne5 (55... Bd7 $142 56. Nd3 Bxf5) 56. Qe3 Bd7 57. Qf4 Kf7 58. Kg2 Nf3 59. Qxg4 Ne1+ 60. Bxe1 Qxb2 61. Qg6+ Kf8 {[%emt 0:00:23] [#]} 62. f6 $1 {[%emt 0:00:10] Weighted Error Value: White=0.14 (very precise) /Black=0.41} 1-0

[Event "1st Serbian League 2022"]
[Site "Vrnjacka Banja"]
[Date "2022.09.27"]
[Round "8.14"]
[White "Atalik, Suat"]
[Black "Ivic, Velimir"]
[Result "1/2-1/2"]
[ECO "D76"]
[WhiteElo "2436"]
[BlackElo "2553"]
[Annotator "TA"]
[PlyCount "53"]
[EventDate "2022.09.20"]
[EventType "team-tourn"]
[EventCountry "SRB"]
[SourceTitle "playchess.com"]
[Source "ChessBase"]
[SourceQuality "1"]
[TimeControl "40/5400+30:1800+30"]

1. d4 Nf6 2. c4 g6 3. Nc3 d5 4. cxd5 Nxd5 5. g3 Bg7 6. Bg2 Nb6 7. Nf3 Nc6 8. O-O O-O 9. e3 e5 10. d5 e4 {[%emt 0:00:32] D76: Fianchetto Grünfeld: Main Line with 7...Nb6.} (10... Ne7 {feels hotter.} 11. e4 Bg4 12. h3 Bxf3 13. Qxf3 c6) 11. dxc6 Qxd1 $1 12. Nxd1 {[%emt 0:00:21] [#] Nd4 is the strong threat.} exf3 {[%emt 0:00:22] The position is equal.} 13. Bxf3 bxc6 14. Bxc6 Rb8 {[%emt 0:00:34] [#]} 15. Bd2 $146 ({Predecessor:} 15. Be4 Ba6 16. Re1 Rfe8 17. Bc2 Nc4 18. Rb1 Red8 19. b3 Ne5 20. Kg2 Nd3 21. Bd2 {0-1 (40) Yashtylov,A (2295)-Vokarev,S (2485) Omsk/Perm 1998}) 15... Ba6 16. Re1 Nc4 17. Bc3 Bxc3 18. Nxc3 {[%emt 0:00:28] Black should prevent b3.} Ne5 19. Be4 Rxb2 20. Rab1 Rfb8 21. Rxb2 Rxb2 22. Rb1 Rxb1+ 23. Bxb1 Nf3+ 24. Kg2 Ne1+ 25. Kg1 Nf3+ 26. Kg2 Ne1+ 27. Kg1 {[%emt 0:00:22] Weighted Error Value: White=0.02 (flawless) /Black=0.02 (flawless)} 1/2-1/2

[Event "1st Serbian League 2022"]
[Site "Vrnjacka Banja"]
[Date "2022.09.27"]
[Round "8.15"]
[White "Nenezic, Marko"]
[Black "Vucinic, Gojko"]
[Result "1/2-1/2"]
[ECO "D85"]
[WhiteElo "2528"]
[BlackElo "2380"]
[Annotator "TA"]
[PlyCount "117"]
[EventDate "2022.09.20"]
[EventType "team-tourn"]
[EventCountry "SRB"]
[SourceTitle "playchess.com"]
[Source "ChessBase"]
[SourceQuality "1"]
[TimeControl "40/5400+30:1800+30"]

1. d4 Nf6 2. c4 g6 3. Nc3 d5 4. cxd5 Nxd5 5. e4 Nxc3 6. bxc3 Bg7 7. Qa4+ Qd7 {[%emt 0:00:10] D85: Exchange Grünfeld: Unusual White 7th moves and lines with 7 Nf3.} 8. Qa3 $1 {[%emt 0:00:17][%mdl 4] is now more promising than 8.Qb3.} (8. Bb5 $5 c6 9. Bd3 $14) 8... b6 9. Nf3 c5 10. Be3 Bb7 11. d5 e6 12. Rd1 {[%emt 0:01:05] [#]} exd5 $146 ({Predecessor:} 12... O-O 13. Be2 exd5 14. exd5 c4 15. O-O Na6 16. Bd4 b5 17. Bxg7 Kxg7 18. Nd4 Qxd5 19. Bf3 Qc5 20. Qxc5 Nxc5 21. Bxb7 Nxb7 22. Nxb5 {½-½ (22) Hoffman,A (2389)-Carbone,D (2309) Montevideo 2022}) 13. exd5 O-O (13... Bxd5 $2 14. c4 $18) 14. c4 Qd6 15. Bd3 Nd7 16. O-O Ne5 17. Nxe5 Qxe5 18. Bc2 f5 19. g3 {[%emt 0:13:22] Prevents f4.} Qc3 20. Qxc3 (20. Qa4 {is interesting.} Rfe8 21. Bg5 Bf8 22. Qd7) 20... Bxc3 21. Ba4 Ba6 22. Rc1 Bd4 (22... Bf6 $142) 23. Bh6 Rf7 24. Rfe1 {[%emt 0:00:54] Threatens to win with d6.} Bg7 25. Bf4 Bf6 26. h4 Rd8 27. d6 Bc8 28. Be8 Rf8 29. Bc6 Bd7 $2 (29... Rf7 30. Bd5 Kg7 31. Bxf7 Kxf7) 30. Bd5+ $18 Kh8 {[%emt 0:00:05] [#]} 31. Re7 Rfe8 (31... Bd4 32. Rce1) 32. Rce1 h6 33. Be5 (33. Bxh6 Bxe7 34. dxe7 Rc8 $16) 33... Bxe5 34. R1xe5 {[%emt 0:00:05][%cal Oe7d7] Rxd7! is the strong threat.} Rxe7 35. Rxe7 {[%emt 0:00:27][%mdl 4096] Endgame KRB-KRB} (35. dxe7 $18 {is the precise move to win.} Rc8 36. Bf7) 35... a6 36. h5 gxh5 37. Kg2 b5 38. Kh3 {[%emt 0:01:35] White has more active pieces.} (38. Kf3 $16) 38... bxc4 $11 39. Bxc4 f4+ 40. Kh4 fxg3 41. Kxg3 Ba4 42. Re6 Bb5 $2 (42... Kg7 $11 {and Black has nothing to worry.}) 43. Bxb5 $18 ({Don't go for} 43. Rxh6+ $2 Kg7 44. Rxh5 Bxc4 $19) 43... axb5 {[%emt 0:00:04][%cal Ba6b5,Bb5b4][%mdl 32] KR-KR} 44. Kf4 {[%emt 0:00:00] And now Ke5 would win.} ({Weaker is} 44. Rxh6+ Kg7 45. Rxh5 c4 $11) 44... c4 45. Ke5 {[%emt 0:00:00][%mdl 1024] White has strong compensation.} ({Not} 45. Rxh6+ Kg7 46. Rxh5 Rxd6 $11) 45... Kg7 {[%emt 0:00:14] [#]} (45... c3 $142 46. Rxh6+ Kg7 47. Rxh5 c2) 46. Kd5 $1 c3 {[%emt 0:00:19] [#]} 47. Re3 $2 ({White should play} 47. a3 $1 $18) 47... b4 $11 {[%emt 0:00:17] The position is equal.} 48. Re4 Ra8 49. d7 Kf7 50. Kd6 Rxa2 {[%emt 0:00:42] Hoping for ...Rd2+.} (50... c2 51. Rf4+ Kg7 52. Rc4 $18) 51. Rf4+ Kg6 52. Rxb4 Rxf2 (52... Rd2+ $2 53. Kc7 $18) 53. Rc4 Rd2+ 54. Kc7 Kg5 55. d8=Q+ Rxd8 56. Kxd8 h4 57. Ke7 h3 {[%emt 0:00:03] Strongly threatening ...h2.} 58. Rxc3 Kg4 59. Rc4+ {[%emt 0:00:00] White really could win this.  Weighted Error Value: White=0.17 (very precise) /Black=0.19 (very precise)} 1/2-1/2

[Event "1st Serbian League 2022"]
[Site "Vrnjacka Banja"]
[Date "2022.09.27"]
[Round "8.16"]
[White "Saric, Sinisa"]
[Black "Djukic, Nikola"]
[Result "1-0"]
[ECO "E92"]
[WhiteElo "2372"]
[BlackElo "2536"]
[Annotator "TA"]
[PlyCount "173"]
[EventDate "2022.09.20"]
[EventType "team-tourn"]
[EventCountry "SRB"]
[SourceTitle "playchess.com"]
[Source "ChessBase"]
[SourceQuality "1"]
[TimeControl "40/5400+30:1800+30"]

1. d4 Nf6 2. c4 g6 3. Nc3 Bg7 4. e4 d6 5. Nf3 O-O 6. Be2 e5 7. Be3 Ng4 8. Bg5 f6 9. Bh4 Nc6 {[%emt 0:00:59] 9...Nc6 scores better than 9...g5.} 10. d5 Ne7 11. h3 {[%emt 0:00:08] E92: King's Indian: Classical: 6 Be2 e5: 7 dxe5, 7 Be3 and Petrosian System without 7...Nbd7.} Nh6 12. g4 Nf7 13. Qc2 {[%emt 0:04:28] [#] White is slightly better.} c6 $146 ({Predecessor:} 13... c5 14. O-O-O Bh6+ 15. Kb1 Kg7 16. Rdg1 Bd7 17. Nd1 Rb8 18. Ne3 Ng8 19. Ne1 b5 20. cxb5 {0-1 (31) Kanter,E (2410)-Cheparinov,I (2681) Yerevan 2014}) 14. a4 Bd7 15. Nd2 a6 16. a5 b6 17. axb6 Qxb6 18. O-O Ng5 (18... cxd5 $11 {remains equal.} 19. cxd5 (19. Nxd5 Nxd5 20. cxd5 a5 $11) (19. exd5 g5 $11) 19... g5) 19. Kg2 (19. Na4 $16 Qb4 20. Bxg5 fxg5 21. c5) 19... h6 20. f3 f5 21. Bf2 Qc7 22. b4 fxg4 (22... cxd5 $1 $14 23. cxd5 Rac8) 23. fxg4 $16 Rf4 24. Be3 cxd5 (24... h5 {was necessary.} 25. h4 (25. Bxf4 exf4 26. h4 f3+ 27. Bxf3 Nxf3 $16) 25... Nh7 26. Bxf4 exf4 27. gxh5 (27. Rxf4 Be5 $16) 27... gxh5) 25. Bxf4 $2 (25. exd5 Nf5 26. Bg1 (26. Bxf4 exf4 27. gxf5 Bxf5 $11) (26. gxf5 Bxf5 27. Qb3 Bxh3+ 28. Kg1 Bxf1 $11) 26... h5 $11) (25. Nxd5 $18 Nxd5 26. exd5) 25... exf4 $14 26. exd5 (26. Rxf4 dxe4 27. Raf1 (27. Ndxe4 Bc6 $11) 27... e3 $11) (26. Nxd5 $14 Nxd5 27. exd5 Bxa1 28. Rxa1) 26... Bxc3 (26... Nf5 $11 27. gxf5 Bxf5) 27. Qxc3 Nxd5 28. Qd3 Ne3+ 29. Kh2 {[%emt 0:02:05] The board is on fire.} (29. Kg1 $1 $16 Kh7 30. Ne4) 29... Nxf1+ 30. Rxf1 Kh7 {[%emt 0:09:10] Strongly threatening ...Re8.} 31. Rxf4 (31. Ne4 $2 Nxe4 32. Qxe4 Re8 $19) 31... Bc6 (31... d5 $11 32. Qg3 Qd6) 32. Rf6 $36 {[%emt 0:00:58][%csl LRd6,LRg6][%mdl 2048] Black is under pressure.} d5+ 33. Qg3 {[%emt 0:06:59] White is more active.} ({Better is} 33. Kg1 $14 Rg8 34. h4 (34. cxd5 Bb5 $17) 34... dxc4 35. Qd6 Qa7+ 36. Qc5 Qxc5+ 37. bxc5) 33... Qe7 $1 $11 34. Rf2 Re8 35. c5 Bb7 (35... Qxe2 36. Rxe2 Rxe2+ 37. Kh1 (37. Kg1 Rxd2 38. Qc7+ Kg8 $11) 37... d4+ 38. Kg1 Rg2+ 39. Qxg2 Bxg2 40. Kxg2 $16) (35... Bb5 $11 {keeps the balance.} 36. Bxb5 axb5) 36. h4 $1 $16 Ne4 (36... Nf7 $16 {is a better defense.}) 37. Nxe4 $18 dxe4 38. Bc4 {[%emt 0:00:39] And now Rf7+ would win.} Rf8 {[%emt 0:01:17] Against Rf7+} 39. Rxf8 Qxf8 {[%emt 0:00:04][%mdl 4096] Endgame KQB-KQB} 40. Qc7+ Kh8 41. Qe5+ ({Inferior is} 41. Qxb7 Qf4+ 42. Kh3 Qf3+ 43. Kh2 Qf4+ 44. Kh3 Qf3+ 45. Kh2 Qf4+ $11) 41... Kh7 42. Kg1 {[%emt 0:00:00] Against Qf2+} e3 43. Qc7+ (43. Qxe3 $142 Qd8 44. g5) 43... Kh8 44. Qe5+ $2 (44. Qh2 $1 $16 ) 44... Kh7 $1 45. Qxe3 Qd8 46. Qf2 Qd1+ 47. Kh2 Bd5 {[%emt 0:00:00] Prevents Qf7+.} 48. Bxd5 Qxd5 {[%emt 0:00:00] KQ-KQ} 49. Qc2 Qe5+ 50. Kg2 Qd4 51. c6 Qxg4+ {[%emt 0:00:00] [#]} 52. Kf1 $2 (52. Kf2 $1 $18) 52... Qf3+ $2 (52... Qxb4 $11 53. Qe2 Qxh4 54. Qxa6 Qf4+ 55. Ke2 Qe4+ 56. Kf2 g5) 53. Ke1 Qe3+ 54. Kd1 {[%emt 0:00:03] Hoping for Qc5.} Qg1+ (54... Qd4+ $16 {is tougher.} 55. Ke2 Qxb4) 55. Ke2 {[%emt 0:01:04] aiming for Qc5.} Qg2+ (55... Qg4+ $142 56. Kd3 Qxb4) 56. Kd3 Qd5+ (56... Qg3+ 57. Kc4 Qxh4+ 58. Kb3 Qg3+ 59. Qc3 Qc7) 57. Ke3 {[%emt 0:00:12] Black must now prevent Qc5.} Qe5+ {[%emt 0:00:00] [#]} 58. Qe4 $1 Qc3+ 59. Ke2 Qb2+ 60. Kf3 (60. Kd3 $142 Qb1+ 61. Kd4 Qxb4+ 62. Kd5) 60... Qf6+ 61. Kg2 Qb2+ (61... Kg7 $142 62. Qc4 (62. c7 Qb2+ 63. Kf1 Qc1+ 64. Qe1 Qf4+ 65. Kg2 Qxc7 $15) 62... Qf5) 62. Kh3 {[%emt 0:00:05] h5 is the strong threat.} Qc3+ 63. Kg4 {[%emt 0:00:44] Threatening mate with Qe7+.} Kg7 64. Qe7+ Kg8 65. Qc5 h5+ 66. Kg5 Qg3+ 67. Kh6 Qc7 68. Kxg6 (68. Qc4+ $142 Kh8 69. Qe6 Qf4+ 70. Kxg6 Qg3+ 71. Kf7 Kh7 72. Qf5+ Kh6 73. Qg5+ Qxg5 74. hxg5+ Kxg5 75. c7) 68... Qf7+ 69. Kg5 Qc7 70. Kxh5 Kf7 71. Qf5+ Kg8 72. Qe6+ Kf8 73. Qf6+ Kg8 74. Qg6+ Kf8 75. Qh6+ Kg8 76. Qg5+ Kf7 77. Qf5+ Kg8 $1 78. Qd5+ Kf8 79. Qc5+ Kf7 $1 80. Kg4 {[%emt 0:00:24] White mates.} Qh2 81. Qd5+ Kg7 82. Qg5+ Kh7 83. Qf5+ Kg7 84. Kh5 Kh8 85. Qf8+ Kh7 86. Qe7+ Kg8 87. c7 {[%emt 0:00:19] Weighted Error Value: White=0.36/Black=0.55} 1-0